Map: Pylon LE

Players

Nicoract

  • Race: Terran Terran
  • League: Grandmaster
  • Spawn Location: 11:00

Krystianer - Winner!

  • Race: Protoss Protoss
  • League: Grandmaster
  • Spawn Location: 5:00

VOD

Have the link to the VOD?

Description

Time

  • Played on: June 19, 2025, 10:37 a.m.
  • Length: 9:14
Show
View Real Time Build Order
Export as new Build Order

Nicoract Terran 

Build Orders:  

Get SALT Encoding   

  12  0:00  SCV  
  13  0:12  SCV  
  14  0:17  Supply Depot  
  14  0:24  SCV  
  15  0:38  SCV  
  15  0:40  Barracks  
  16  0:42  Refinery  
  16  0:50  SCV  
  16  0:52  Refinery  
  17  1:03  SCV  
  18  1:15  SCV  
  19  1:27  Reaper, Orbital Command  
  19  1:28  Supply Depot  
  20  1:40  Factory  
  20  1:53  SCV  
  21  1:59  Reaper  
  22  2:05  SCV  
  23  2:15  Command Center  
  23  2:17  SCV  
  24  2:24  Hellion  
  24  2:29  Supply Depot  
  26  2:31  SCV  
  26  2:32  Barracks Reactor  
  27  2:41  Starport  
  27  2:43  SCV  
  28  2:46  Factory Tech Lab  
  28  2:57  SCV  
  28  3:06  Cyclone  
  28  3:09  SCV, Marine x2  
  33  3:21  SCV  
  33  3:25  Medivac  
  36  3:27  Marine x2  
  36  3:30  Supply Depot  
  38  3:35  SCV  
  39  3:51  Marine x2  
  39  3:52  SCV, Siege Tank  
  45  3:55  Starport Tech Lab  
  45  4:01  Orbital Command  
  45  4:04  SCV  
  45  4:07  Bunker  
  46  4:10  Barracks  
  46  4:13  Marine  
  46  4:14  Marine  
  47  4:18  SCV  
  48  4:30  SCV, Siege Tank  
  48  4:31  SCV  
  52  4:33  Marine x2  
  52  4:36  Starport Reactor  
  54  4:44  SCV x2  
  54  4:53  Marine x2  
  54  4:54  Barracks, Engineering Bay  
  56  5:00  Supply Depot  
  56  5:02  SCV x2  
  56  5:03  Refinery  
  56  5:05  Stimpack  
  58  5:10  Marauder  
  61  5:14  SCV x2  
  62  5:21  Marine x2  
  62  5:23  Terran Infantry Weapons Level 1  
  62  5:24  Supply Depot  
  62  5:26  SCV  
  65  5:31  Factory Reactor  
  65  5:34  Marauder  
  65  5:35  Supply Depot  
  67  5:36  Supply Depot  
  67  5:38  SCV x2  
  69  5:44  Marine  
  67  5:50  SCV  
  67  5:51  Medivac  
  67  5:52  Medivac  
  67  5:55  Marauder  
  67  5:56  SCV  
  75  5:57  Refinery  
  75  5:58  Marine  
  75  6:02  Marine  
  77  6:04  Supply Depot  
  77  6:06  Marauder  
  77  6:08  Combat Shield  
  79  6:15  SCV  
  80  6:18  Marine  
  80  6:19  Marauder  
  80  6:22  Marine  
  84  6:27  SCV x2  
  84  6:30  Supply Depot  
  84  6:31  Supply Depot  
  86  6:33  Marauder  
  86  6:36  Widow Mine x2  
  91  6:40  Marine  
  91  6:45  Concussive Shells  
  91  6:46  Marine  
  91  6:47  Marauder  
  94  6:53  SCV x2  
  96  6:56  Command Center  
  96  6:57  Marauder  
  96  7:00  Marine  
  60  7:01  Medivac x2  
  99  7:06  Marine  
  99  7:07  SCV x2  
  106  7:11  Supply Depot  
  106  7:13  Marauder  
  105  7:19  Widow Mine x2  
  105  7:20  SCV x2  
  107  7:31  Marine x2  
  107  7:32  Marauder, SCV x2  
  96  7:44  SCV  
  96  7:45  SCV  
  96  7:46  Marauder  
  96  7:47  Widow Mine x2  
  96  7:51  Barracks x2  
  94  7:56  Marauder, Marine x2  
  94  7:57  SCV x2  
  88  8:00  Medivac  
  88  8:01  Medivac  
  92  8:09  SCV x2  
  92  8:11  Marauder  
  92  8:12  Widow Mine x2  
  100  8:13  Marine  
  100  8:16  Marine  
  102  8:25  Engineering Bay  
  102  8:26  Armory  
  102  8:28  Marauder  
  102  8:29  Sensor Tower  
  102  8:31  Orbital Command  
  102  8:33  Marine  
  105  8:38  Widow Mine x2  
  105  8:41  Marine  
  105  8:42  Marauder  
  105  8:47  Marine x2  
  108  8:49  SCV x2  
  108  8:52  Marauder, Marine  
  106  8:58  SCV  
  101  9:01  SCV  
  101  9:02  SCV  
Show
View Real Time Build Order
Export as new Build Order

Krystianer Protoss - Winner!

Build Orders: 1 Gate Expand, Blink Stalkers 

Get SALT Encoding   

  12  0:00  Probe  
  13  0:12  Probe  
  14  0:17  Pylon  
  14  0:22  Probe  
  15  0:31  Probe  
  16  0:39  Gateway  
  16  0:40  Probe  
  16  0:45  Assimilator  
  17  0:52  Probe  
  18  1:04  Probe  
  19  1:16  Probe  
  20  1:27  Cybernetics Core  
  20  1:34  Probe, Nexus  
  21  1:41  Pylon  
  21  1:46  Probe  
  22  1:50  Assimilator  
  22  1:53  Adept  
  22  1:58  Probe  
  23  2:03  Warp Gate  
  25  2:10  Probe  
  25  2:13  Adept  
  26  2:22  Probe  
  29  2:30  Twilight Council  
  29  2:37  Probe  
  30  2:42  Stalker  
  30  2:46  Probe  
  30  2:49  Probe  
  32  2:59  Blink  
  32  3:02  Gateway  
  32  3:04  Gateway  
  32  3:06  Gateway  
  32  3:10  Stalker  
  32  3:15  Probe  
  32  3:17  Probe  
  36  3:27  Probe  
  36  3:29  Probe  
  38  3:34  Robotics Facility  
  38  3:39  Probe  
  39  3:41  Probe  
  38  3:51  Probe, Pylon  
  38  3:52  Stalker, Gateway  
  38  3:54  Probe  
  42  3:56  Stalker  
  44  4:04  Probe  
  44  4:06  Probe  
  46  4:16  Probe  
  47  4:17  Stalker, Pylon  
  47  4:18  Probe  
  47  4:19  Stalker, Observer  
  52  4:30  Probe  
  53  4:37  Nexus  
  51  4:41  Probe  
  51  4:44  Probe  
  52  4:55  Pylon  
  52  4:56  Probe, Assimilator  
  52  4:58  Probe  
  54  5:05  Stalker  
  56  5:08  Stalker  
  56  5:09  Probe  
  56  5:11  Probe  
  59  5:15  Pylon  
  59  5:19  Probe  
  60  5:21  Probe  
  62  5:28  Probe  
  62  5:34  Probe, Forge  
  63  5:37  Probe  
  64  5:45  Probe, Charge  
  64  5:46  Probe x2, Stalker x3  
  68  5:54  Probe  
  69  5:57  Probe  
  69  5:58  Probe  
  72  6:04  Probe  
  72  6:08  Protoss Ground Weapons Level 1, Gateway  
  72  6:09  Probe  
  72  6:10  Probe  
  75  6:14  Pylon  
  75  6:16  Probe  
  76  6:20  Immortal  
  76  6:22  Gateway x2  
  76  6:25  Gateway  
  76  6:27  Gateway  
  76  6:29  Sentry  
  82  6:35  Stalker  
  82  6:43  Zealot  
  82  6:44  Shield Battery  
  82  6:46  Pylon  
  84  6:52  Immortal  
  84  6:56  Photon Cannon  
  84  6:59  Stalker x2  
  92  7:04  Zealot x2  
  92  7:07  Pylon  
  96  7:16  Zealot x2  
  96  7:20  Zealot  
  92  7:23  Zealot x3  
  92  7:24  Zealot x2  
  96  7:36  Zealot x2  
  97  7:38  Probe  
  97  7:40  Probe  
  97  7:43  Stalker  
  93  7:44  Probe  
  93  7:45  Warp Prism  
  93  7:47  Stalker  
  93  7:48  Stalker x4  
  93  7:50  Probe  
  105  7:52  Probe  
  106  8:04  Robotics Bay  
  106  8:06  Probe x2  
  106  8:07  Probe  
  106  8:12  Zealot x4  
  117  8:16  Pylon  
  120  8:34  Probe x3  
  120  8:35  Nexus  
  120  8:36  Pylon  
  119  8:46  Probe x2  
  115  8:50  Zealot x3  
  115  8:51  Zealot x4  
  115  8:53  Zealot  
  115  8:55  Probe  
  124  8:58  Probe x2  
Tags
 
Add a new tag
Caveats
  • Supply blocks, unpowered buildings, or Contaminate may cause inaccurate times.
  • Supply counts are checked every 10 seconds.